[Event "Titled Tuesday Blitz June 13 Early 2023"]
[White "ATM622"]
[Black "Mohammad Fahad, Rahman"]
[BlackFideId "10207791"]
[WhiteElo "2584"]
[BlackElo "2339"]
[Result "1/2-1/2"]
[Round "9"]
[TimeControl "180+2"]
[Date "2023.06.13"]
[WhiteClock "0:00:03"]
[BlackClock "0:00:14"]
[Board "49"]

1. d4 d5 2. c4 dxc4 3. e3 e5 4. Bxc4 exd4 5. exd4 Nf6 6. Nf3 Qe7+ 7. Qe2 Qxe2+ 8. Bxe2 Bd6 9. O-O Nbd7 10. Nc3 Nb6 11. Nb5 O-O 12. Nxd6 cxd6 13. Bf4 Rd8 14. Rac1 h6 15. h3 Be6 16. b3 Nbd5 17. Bh2 a5 18. Bb5 Nb4 19. Rc7 Nxa2 20. Bc4 Bxc4 21. bxc4 Rac8 22. Bxd6 Ne4 23. Bh2 a4 24. Ra1 Nac3 25. d5 b5 26. cxb5 Nxb5 27. Rxc8 Rxc8 28. Bf4 Nec3 29. Kh2 Rc4 30. d6 Kf8 31. Re1 Rc8 32. Ne5 Rd8 33. Nc6 Rd7 34. Ne5 Rxd6 35. Nc4 Rd4 36. Ne5 Rxf4 37. Nd7+ Kg8 38. Re8+ Kh7 39. Nf8+ Kg8 40. Ne6+ Kh7 41. Nf8+ Kg8 42. Ne6+ Kh7 43. Nf8+ 1/2-1/2


[Site "https://www.chess.com"]

[Event "Titled Tuesday Blitz June 13 Early 2023"]
[White "Itgelt, Khuyagtsogt"]
[Black "Portela Peleteiro, Alberto"]
[WhiteFideId "4902912"]
[BlackFideId "22276106"]
[WhiteElo "2227"]
[BlackElo "2353"]
[Result "1-0"]
[Round "9"]
[TimeControl "180+2"]
[Date "2023.06.13"]
[WhiteClock "0:00:37"]
[BlackClock "0:00:30"]
[Board "50"]

1. g3 g6 2. Bg2 Bg7 3. c3 Nf6 4. Qc2 O-O 5. e4 d6 6. Ne2 e5 7. h3 Re8 8. d3 c6 9. O-O Nbd7 10. c4 b6 11. Nbc3 Bb7 12. b4 Qc7 13. Bb2 d5 14. cxd5 cxd5 15. Rac1 Rec8 16. Qb3 Qd6 17. exd5 Ba6 18. Rfd1 Ne8 19. Ne4 Qe7 20. a4 Kh8 21. b5 Bb7 22. Ba3 Nc5 23. Nxc5 bxc5 24. d4 exd4 25. Nxd4 Bxd4 26. Rxd4 cxd4 27. Bxe7 Rxc1+ 28. Kh2 Re1 29. Qb4 Rc8 30. Qxe1 1-0


[Site "https://www.chess.com"]

[Event "Titled Tuesday Blitz June 13 Early 2023"]
[White "Ajay Karthikeyan"]
[Black "Arat, Ufuk Sezen"]
[WhiteFideId "35011685"]
[BlackFideId "6309089"]
[WhiteElo "2321"]
[BlackElo "2289"]
[Result "0-1"]
[Round "9"]
[TimeControl "180+2"]
[Date "2023.06.13"]
[WhiteClock "0:01:51"]
[BlackClock "0:00:47"]
[Board "51"]

1. Nf3 d5 2. d4 Nf6 3. Nc3 g6 4. Bg5 Ne4 5. h4 Bg7 6. e3 c5 7. Bd3 Nxg5 8. hxg5 cxd4 9. exd4 Nc6 10. Ne2 Bg4 11. c3 e5 12. Nxe5 Bxe5 13. dxe5 Qxg5 14. f4 Bxe2 15. fxg5 Bxd1 16. Rxd1 O-O-O 17. O-O Nxe5 18. Be2 h6 19. gxh6 Rxh6 20. Rf6 Kc7 21. Rd4 Rhh8 22. Kf2 Rhe8 23. g4 Re6 24. g5 Rxf6+ 25. gxf6 Rd6 26. Rf4 Nd7 27. Ke3 Rxf6 28. Ra4 Re6+ 29. Kd2 Nc5 30. Rxa7 Kb8 31. Ra5 b6 32. Rb5 Kc7 33. Bf3 Ne4+ 34. Kc2 Kc6 35. c4 dxc4 36. Re5 Rxe5 0-1


[Site "https://www.chess.com"]

[Event "Titled Tuesday Blitz June 13 Early 2023"]
[White "Parpiev, Isaak"]
[Black "Veiga, Jose Francisco R P Neves"]
[WhiteFideId "34281576"]
[BlackFideId "1930087"]
[WhiteElo "2167"]
[BlackElo "2319"]
[Result "1-0"]
[Round "9"]
[TimeControl "180+2"]
[Date "2023.06.13"]
[WhiteClock "0:00:53"]
[BlackClock "0:00:23"]
[Board "52"]

1. d4 Nf6 2. c4 e6 3. Nc3 Bb4 4. e3 d5 5. cxd5 exd5 6. Bd3 O-O 7. a3 Bd6 8. Qc2 c6 9. Nge2 Re8 10. Bd2 Nbd7 11. f3 b5 12. e4 dxe4 13. fxe4 Bb7 14. e5 Nxe5 15. dxe5 Bxe5 16. O-O-O Qb6 17. Bg5 h6 18. Bxf6 Bxf6 19. Ne4 c5 20. Nxf6+ Qxf6 21. Rhf1 Qg5+ 22. Kb1 c4 23. Bh7+ Kh8 24. Rxf7 Qxg2 25. Nf4 Qxc2+ 26. Bxc2 Be4 27. Rdd7 Bxc2+ 28. Kxc2 Rg8 29. h4 Kh7 30. Ne6 Kg6 31. Nf4+ Kh7 32. h5 Raf8 33. Ne6 Rxf7 34. Rxf7 a5 35. Nf8+ Kh8 36. Kc3 g6 37. Rh7# 1-0


[Site "https://www.chess.com"]

[Event "Titled Tuesday Blitz June 13 Early 2023"]
[White "brm72"]
[Black "Agibileg, Uurtsaikh"]
[BlackFideId "4901606"]
[WhiteElo "2539"]
[BlackElo "2353"]
[Result "0-1"]
[Round "9"]
[TimeControl "180+2"]
[Date "2023.06.13"]
[WhiteClock "0:00:14"]
[BlackClock "0:00:57"]
[Board "53"]

1. e4 c5 2. Nf3 e6 3. d4 cxd4 4. Nxd4 Nc6 5. Nc3 a6 6. Nxc6 bxc6 7. Bd3 d5 8. O-O Nf6 9. Re1 Be7 10. e5 Nd7 11. Qg4 Kf8 12. Na4 h5 13. Qe2 g6 14. c4 Kg7 15. b3 Bb7 16. Bb2 h4 17. h3 Nc5 18. Nxc5 Bxc5 19. Qf3 a5 20. a3 Be7 21. Bc3 Qb6 22. Reb1 c5 23. cxd5 Bxd5 24. Be4 Rhd8 25. Rb2 Ra7 26. Rab1 Rad7 27. Bxd5 Rxd5 28. b4 cxb4 29. axb4 Rd3 30. bxa5 Qc7 31. Qb7 Rxc3 32. a6 Rc1+ 33. Rxc1 Qxc1+ 34. Kh2 Qf4+ 35. g3 Qxe5 36. a7 Bd6 37. Rb3 hxg3+ 38. fxg3 Qe2+ 39. Qg2 Qxg2+ 40. Kxg2 Ra8 41. Rb7 Bc5 0-1


[Site "https://www.chess.com"]

[Event "Titled Tuesday Blitz June 13 Early 2023"]
[White "feuervogel1000000"]
[Black "Zochowski, Kacper"]
[BlackFideId "1125494"]
[WhiteElo "2527"]
[BlackElo "2235"]
[Result "0-1"]
[Round "9"]
[TimeControl "180+2"]
[Date "2023.06.13"]
[WhiteClock "0:01:18"]
[BlackClock "0:01:59"]
[Board "54"]

1. d4 d6 2. e4 Nf6 3. Nc3 e5 4. Nf3 Nbd7 5. Bc4 Be7 6. O-O O-O 7. Re1 c6 8. a4 Qc7 9. h3 b6 10. Nh4 exd4 11. Qxd4 Nc5 12. Nf3 Re8 13. Bg5 h6 14. Bh4 Be6 15. Rad1 Rad8 16. Bg3 Nh5 17. Bh2 Bf6 18. Qd2 Bxc4 19. g4 Qc8 20. Kg2 Be6 21. gxh5 Bxh3+ 22. Kh1 Qg4 0-1


[Site "https://www.chess.com"]

[Event "Titled Tuesday Blitz June 13 Early 2023"]
[White "Vlassov, Nikolai"]
[Black "Estrada Nieto, Julian"]
[WhiteFideId "4103360"]
[BlackFideId "5101018"]
[WhiteElo "2324"]
[BlackElo "2161"]
[Result "1-0"]
[Round "9"]
[TimeControl "180+2"]
[Date "2023.06.13"]
[WhiteClock "0:01:08"]
[BlackClock "0:00:00"]
[Board "55"]

1. e4 e5 2. Bc4 Nc6 3. f4 Bc5 4. Nf3 d6 5. Nc3 Nf6 6. f5 Nd4 7. d3 h6 8. Nxd4 Bxd4 9. Bd2 c6 10. Qf3 O-O 11. O-O-O b5 12. Bb3 a5 13. a4 Rb8 14. g4 Nd7 15. axb5 Bxc3 16. Bxc3 cxb5 17. h4 a4 18. Bd5 Nb6 19. Ba5 a3 20. bxa3 Qe7 21. Bxb6 Rxb6 22. g5 hxg5 23. hxg5 Qxg5+ 24. Kb2 Bb7 25. Rdg1 Qf6 26. Qh3 1-0


[Site "https://www.chess.com"]

[Event "Titled Tuesday Blitz June 13 Early 2023"]
[White "Turzo, Attila"]
[Black "Domingo Nunez, Alejandro"]
[WhiteFideId "704954"]
[BlackFideId "22245561"]
[WhiteElo "2516"]
[BlackElo "2291"]
[Result "1-0"]
[Round "9"]
[TimeControl "180+2"]
[Date "2023.06.13"]
[WhiteClock "0:00:09"]
[BlackClock "0:00:00"]
[Board "56"]

1. d4 g6 2. c4 Bg7 3. g3 d6 4. Bg2 Nf6 5. Nf3 O-O 6. O-O Nbd7 7. Nc3 c5 8. d5 Rb8 9. a4 b6 10. e4 a6 11. Re1 Ne8 12. Bf4 Ne5 13. Nxe5 dxe5 14. Be3 Nd6 15. Qd3 f5 16. f4 fxe4 17. Nxe4 Bf5 18. fxe5 Bxe5 19. Rab1 b5 20. axb5 axb5 21. b3 bxc4 22. bxc4 Qa5 23. Bh6 Bd4+ 24. Kh1 Rfd8 25. Qe2 Rxb1 26. Rxb1 Qa4 27. Nxd6 exd6 28. Re1 Be5 29. Be4 Bd7 30. Rf1 Bh3 31. Bg2 Bf5 32. Be4 Bh3 33. Bg2 Bc8 34. Qf3 Qd7 35. Bh3 Qe7 36. Bxc8 Rxc8 37. Qg4 Re8 38. Bg5 Qg7 39. Rb1 h6 40. Be3 Rf8 41. Kg2 Kh7 42. Rf1 Rxf1 43. Kxf1 Qf7+ 44. Kg2 Bg7 45. Qf3 Qe7 46. h4 Qe5 47. Qf4 Qb2+ 48. Kh3 Be5 49. Qf7+ Bg7 50. Bf4 Qc2 51. Bxd6 Qxc4 52. Bf8 Qf1+ 53. Qxf1 1-0


[Site "https://www.chess.com"]

[Event "Titled Tuesday Blitz June 13 Early 2023"]
[White "Miranda, Rafael"]
[Black "Fernandez Siles, Luis"]
[WhiteFideId "130990"]
[BlackFideId "2209420"]
[WhiteElo "2204"]
[BlackElo "2195"]
[Result "1-0"]
[Round "9"]
[TimeControl "180+2"]
[Date "2023.06.13"]
[WhiteClock "0:01:18"]
[BlackClock "0:00:47"]
[Board "57"]

1. e4 c5 2. Nf3 Nc6 3. c3 Nf6 4. d3 d6 5. Be2 g6 6. O-O Bg7 7. Nbd2 O-O 8. a3 a5 9. a4 Qc7 10. Re1 d5 11. Bf1 d4 12. cxd4 cxd4 13. Nc4 Be6 14. Na3 Bg4 15. h3 Bxf3 16. Qxf3 Nb4 17. Qd1 e5 18. Nc4 Nd7 19. Bg5 f6 20. Bd2 Kh8 21. Rc1 Nc5 22. Nxa5 Qxa5 23. Rc4 Nca6 24. Qb3 Nc5 25. Qxb4 Qxb4 26. Bxb4 b6 27. a5 Rfc8 28. axb6 Nb7 29. Rec1 Rcb8 30. Rc7 Bf8 31. Bxf8 1-0


[Site "https://www.chess.com"]

[Event "Titled Tuesday Blitz June 13 Early 2023"]
[White "Zemlyanskii, Ivan"]
[Black "Herzog2012"]
[WhiteFideId "24249971"]
[WhiteElo "2421"]
[BlackElo "2427"]
[Result "0-1"]
[Round "9"]
[TimeControl "180+2"]
[Date "2023.06.13"]
[WhiteClock "0:00:00"]
[BlackClock "0:00:03"]
[Board "58"]

1. d4 Nf6 2. c4 e6 3. Bf4 Bb4+ 4. Nd2 b6 5. a3 Bxd2+ 6. Qxd2 Bb7 7. e3 O-O 8. f3 d5 9. cxd5 exd5 10. Bd3 Nbd7 11. Ne2 c5 12. O-O Re8 13. Rae1 a6 14. g4 Nf8 15. h4 Ne6 16. Bg3 Bc6 17. Nc3 Qd7 18. Qf2 Bb5 19. Nxb5 axb5 20. Be5 c4 21. Bf5 Qe7 22. g5 Nd7 23. Bg3 b4 24. axb4 Qxb4 25. e4 Qb5 26. exd5 Qxd5 27. Be4 Qxd4 28. Bxa8 Qxf2+ 29. Bxf2 Rxa8 30. Re4 b5 31. Rd1 Ndf8 32. Rd5 Rb8 33. Bg3 Rb7 34. f4 g6 35. f5 gxf5 36. Rxf5 Ng6 37. h5 Ne7 38. Rfe5 Nc6 39. Rd5 Kf8 40. Bd6+ Ke8 41. g6 hxg6 42. hxg6 Rd7 43. gxf7+ Kxf7 44. Rf5+ Kg6 45. Rd5 Nc7 46. Rg4+ Kf6 47. Rd1 Ke6 48. Rg6+ Kf5 49. Rh6 Ne8 50. Rf1+ Ke4 51. Rh4+ Kd3 52. Bf4 Kc2 53. Rh2+ Kb3 54. Rf3+ Ka2 55. Ra3+ Kb1 56. Rf2 Nd6 0-1


[Site "https://www.chess.com"]

[Event "Titled Tuesday Blitz June 13 Early 2023"]
[White "Malyi, Viacheslav"]
[Black "Kosakowski, Jakub"]
[WhiteFideId "14123983"]
[BlackFideId "1185080"]
[WhiteElo "2291"]
[BlackElo "2488"]
[Result "0-1"]
[Round "9"]
[TimeControl "180+2"]
[Date "2023.06.13"]
[WhiteClock "0:00:10"]
[BlackClock "0:00:12"]
[Board "59"]

1. e4 c5 2. Nf3 d6 3. d4 cxd4 4. Nxd4 Nf6 5. Nc3 a6 6. Rg1 b5 7. g4 Bb7 8. Bg2 Nfd7 9. Be3 Nc6 10. Nxc6 Bxc6 11. Qd2 Ne5 12. Qe2 e6 13. O-O-O Be7 14. f4 Nc4 15. e5 Bxg2 16. Rxg2 Rc8 17. exd6 Bxd6 18. Ne4 O-O 19. Nxd6 Nxd6 20. Bd4 Qe7 21. Kb1 Rfd8 22. Rgg1 Nc4 23. a3 b4 24. a4 Qe8 25. Be5 Rd5 26. Rxd5 exd5 27. Re1 Qxa4 28. Qd3 h6 29. g5 hxg5 30. fxg5 Qc6 31. Bd4 Nd6 32. h4 Qc4 33. Qxc4 Rxc4 34. Be5 Ne4 35. Kc1 b3 36. c3 Nc5 37. Kd2 Rxh4 38. Bd4 Ne4+ 39. Kd3 Rh2 40. Be3 Rxb2 41. Ra1 Ra2 42. Rb1 Ra3 43. c4 b2+ 44. Kd4 dxc4 45. Rxb2 Nd6 46. Rb8+ Kh7 47. Bf4 Rd3+ 48. Kc5 Nf5 49. Kxc4 Rd4+ 50. Kc3 Rxf4 51. Ra8 Kg6 52. Kd3 Kxg5 53. Rxa6 g6 54. Ra7 f6 55. Ke2 Nd4+ 56. Ke1 Nf3+ 57. Kf1 Ne5+ 58. Kg2 Kg4 59. Kg1 g5 60. Kg2 f5 61. Ra6 Rb4 62. Ra5 Rb2+ 63. Kf1 Ng6 64. Ra4+ f4 65. Ra3 Nh4 66. Kg1 Nf5 67. Rc3 Ne3 68. Ra3 Kg3 69. Ra1 f3 70. Kh1 Rh2+ 71. Kg1 f2# 0-1


[Site "https://www.chess.com"]

[Event "Titled Tuesday Blitz June 13 Early 2023"]
[White "Aradhya, Garg"]
[Black "Aloma Vidal, Robert"]
[WhiteFideId "25006746"]
[BlackFideId "2260409"]
[WhiteElo "2263"]
[BlackElo "2435"]
[Result "1-0"]
[Round "9"]
[TimeControl "180+2"]
[Date "2023.06.13"]
[WhiteClock "0:00:23"]
[BlackClock "0:00:00"]
[Board "60"]

1. d4 d5 2. c4 c6 3. Nc3 Nf6 4. Nf3 e6 5. e3 Nbd7 6. b3 Bb4 7. Bd2 O-O 8. a3 Bd6 9. Bd3 e5 10. cxd5 cxd5 11. Nb5 Bb8 12. dxe5 Nxe5 13. Nxe5 Bxe5 14. Bc3 Bxc3+ 15. Nxc3 d4 16. exd4 Re8+ 17. Be2 Ne4 18. Nxe4 Rxe4 19. d5 Bg4 20. f3 Bxf3 21. gxf3 Qh4+ 22. Kf1 Rd4 23. Qe1 Qh3+ 24. Kf2 Re8 25. Qg1 Rd2 26. Re1 Qh6 27. Kf1 Qh3+ 28. Kf2 Qh6 29. Kf1 Qh3+ 30. Qg2 Qxg2+ 31. Kxg2 Rexe2+ 32. Rxe2 Rxe2+ 33. Kg3 Rd2 34. Rc1 g6 35. Rc7 Rxd5 36. Rxb7 a6 37. Rb6 Ra5 38. a4 Kg7 39. h4 f5 40. h5 Kh6 41. hxg6 hxg6 42. Kh4 Rd5 43. Kg3 Rd3 44. a5 Kh5 45. Kf2 g5 46. b4 Rb3 47. Rb8 g4 48. fxg4+ Kxg4 49. Rb6 Kf4 50. Ke2 Ke4 51. Kd2 f4 52. Kc2 Rh3 53. Rxa6 f3 54. Re6+ Kf4 55. Rf6+ Ke3 56. a6 f2 57. a7 Rh8 58. b5 Rc8+ 59. Kb3 1-0


[Site "https://www.chess.com"]

[Event "Titled Tuesday Blitz June 13 Early 2023"]
[White "Shuvalova, Polina"]
[Black "MKlose11"]
[WhiteFideId "24171760"]
[WhiteElo "2281"]
[BlackElo "2545"]
[Result "1-0"]
[Round "9"]
[TimeControl "180+2"]
[Date "2023.06.13"]
[WhiteClock "0:00:33"]
[BlackClock "0:00:01"]
[Board "61"]

1. e4 e6 2. d4 d5 3. exd5 exd5 4. Nf3 Nf6 5. Bd3 c5 6. O-O Be7 7. dxc5 O-O 8. c3 Bxc5 9. Nbd2 Nc6 10. Nb3 Bb6 11. h3 Qd6 12. Bg5 h6 13. Bd2 Ne4 14. Nbd4 Re8 15. Be3 Bd7 16. Qc2 Rac8 17. Rfe1 Qf6 18. Nxc6 bxc6 19. Bxb6 axb6 20. Bxe4 Rxe4 21. Rxe4 Bf5 22. Rf4 Bxc2 23. Rxf6 gxf6 24. Rc1 Be4 25. Nd2 Bf5 26. Re1 Kf8 27. g4 Be6 28. Kg2 c5 29. b3 d4 30. c4 Bd7 31. a4 Bc6+ 32. Kg3 Re8 33. Rxe8+ Bxe8 34. Ne4 Ke7 35. Kf4 Bc6 36. Ng3 Bg2 37. h4 Kf8 38. Nf5 Bf1 39. Nd6 Bd3 40. Nc8 Bc2 41. Nxb6 Bxb3 42. a5 Ke7 43. a6 Ba4 44. Nxa4 1-0


[Site "https://www.chess.com"]

[Event "Titled Tuesday Blitz June 13 Early 2023"]
[White "Csonka, Balazs"]
[Black "Toncheva, Nadya"]
[WhiteFideId "742910"]
[BlackFideId "2924056"]
[WhiteElo "2404"]
[BlackElo "2101"]
[Result "1/2-1/2"]
[Round "9"]
[TimeControl "180+2"]
[Date "2023.06.13"]
[WhiteClock "0:00:04"]
[BlackClock "0:00:13"]
[Board "62"]

1. e4 c5 2. Nf3 Nc6 3. Bb5 e6 4. Bxc6 bxc6 5. b3 d6 6. e5 d5 7. O-O Ne7 8. d3 Nf5 9. c4 Be7 10. Nc3 h5 11. Ba3 g5 12. Na4 g4 13. Nd2 Qa5 14. Re1 Bd7 15. Rc1 Rc8 16. Nf1 Nd4 17. Qd2 Qxd2 18. Nxd2 Bg5 19. Bxc5 Bxd2 20. Bxd4 Bxe1 21. Rxe1 c5 22. Nxc5 Bc6 23. Be3 dxc4 24. bxc4 Rb8 25. Nb3 a6 26. Bc5 h4 27. Bd6 Rb7 28. Re3 h3 29. gxh3 Rxh3 30. Rxh3 gxh3 31. f4 Ba4 32. Nc5 Rb1+ 33. Kf2 Bc6 34. Nxa6 Rb2+ 35. Kg3 Rxa2 36. Nb4 Rg2+ 37. Kxh3 Bb7 38. d4 Rf2 39. Kg3 Rf3+ 40. Kg4 Rf1 41. d5 exd5 42. Nxd5 Bc8+ 43. Kg3 Rg1+ 44. Kf2 Rc1 45. Ne3 Be6 46. f5 Bxc4 47. Kg3 Rc3 48. Kf4 Bb3 49. h4 Rc1 50. h5 Rh1 51. Kg5 f6+ 52. exf6 Bf7 53. Bf4 Rxh5+ 54. Kg4 Rh1 55. Bg5 Rg1+ 56. Kf4 Kd7 57. Ng4 Rf1+ 58. Ke5 Re1+ 59. Kf4 Rf1+ 60. Ke5 Re1+ 61. Kd4 Ke8 62. Ne5 Rf1 63. Ke4 Re1+ 64. Kf4 Rf1+ 65. Ke4 Re1+ 66. Kf4 Rf1+ 67. Ke4 1/2-1/2


[Site "https://www.chess.com"]

[Event "Titled Tuesday Blitz June 13 Early 2023"]
[White "Sowul, Bartosz"]
[Black "Pakleza, Zbigniew"]
[WhiteFideId "1137590"]
[BlackFideId "1119290"]
[WhiteElo "2188"]
[BlackElo "2410"]
[Result "1-0"]
[Round "9"]
[TimeControl "180+2"]
[Date "2023.06.13"]
[WhiteClock "0:00:12"]
[BlackClock "0:00:00"]
[Board "63"]

1. e4 d6 2. d4 a6 3. Nc3 g6 4. Be3 e6 5. Nf3 f6 6. h4 h6 7. Bd3 Ne7 8. Qd2 c6 9. a4 b6 10. Ne2 Bg7 11. c3 Nd7 12. Nf4 Nf8 13. c4 e5 14. Ne2 h5 15. d5 c5 16. O-O f5 17. Bg5 Nh7 18. a5 fxe4 19. Bxe4 Nf6 20. Bc2 O-O 21. Ng3 Rb8 22. axb6 Rxb6 23. b3 Nf5 24. Rae1 Qc7 25. Qd1 Nxg3 26. fxg3 Bf5 27. Nd2 Ng4 28. Ne4 Rfb8 29. Qd2 Qd7 30. Rf3 1-0


[Site "https://www.chess.com"]

[Event "Titled Tuesday Blitz June 13 Early 2023"]
[White "Ciorgovean, Iustin"]
[Black "Rastbod, Ali"]
[WhiteFideId "1242911"]
[BlackFideId "12567477"]
[WhiteElo "2186"]
[BlackElo "2281"]
[Result "0-1"]
[Round "9"]
[TimeControl "180+2"]
[Date "2023.06.13"]
[WhiteClock "0:00:05"]
[BlackClock "0:00:06"]
[Board "64"]

1. e4 Nc6 2. Nf3 d6 3. d4 Nf6 4. d5 Ne5 5. Nxe5 dxe5 6. Bb5+ Bd7 7. Qe2 g6 8. O-O Bg7 9. Bxd7+ Qxd7 10. c4 e6 11. Nc3 O-O 12. Bg5 Nh5 13. Rfd1 Nf4 14. Qe1 h6 15. Bh4 g5 16. Bg3 c6 17. f3 exd5 18. cxd5 Rfd8 19. Bf2 g4 20. dxc6 Qxc6 21. fxg4 Qg6 22. h3 h5 23. Rxd8+ Rxd8 24. Bh4 Rd3 25. g5 Bf6 26. Rd1 Bxg5 27. Rxd3 Bxh4 28. Qf1 Nxd3 29. Qxd3 Qb6+ 30. Kh2 Qxb2 31. Qf3 Qf2 32. Nb5 Qxf3 33. gxf3 a6 34. Nd6 b5 35. Kg2 Kf8 36. Kf1 Be7 37. Nf5 Bg5 38. Ke2 Ke8 39. Ng7+ Kd7 40. Nxh5 Kc6 41. Kd3 a5 42. Ng7 a4 43. Nf5 Kc5 44. h4 Bf6 45. h5 b4 46. h6 a3 47. Kc2 Kc4 48. Ne3+ Kd4 49. Nd5 Bh8 50. Nxb4 Ke3 51. Nd5+ Kxf3 52. Kd3 Kg4 53. Ne7 Bf6 54. h7 Kg5 55. Ng8 Bg7 56. Kc4 f5 57. exf5 Kxf5 58. Kd3 e4+ 59. Ke2 Bd4 60. Ne7+ Kg5 61. Nc6 Bf6 62. Ne7 Bd4 63. Nd5 Kf5 64. h8=Q Bxh8 65. Nb6 Bd4 66. Nc4 Bb2 67. Nd2 Ke5 68. Nc4+ Kd4 69. Ne3 Kc3 70. Nd1+ Kc2 71. Ne3+ Kb1 72. Nc4 Kxa2 73. Kd2 Kb3 74. Na5+ Kb4 75. Nc6+ Kc5 76. Ne5 Bxe5 0-1


[Site "https://www.chess.com"]

[Event "Titled Tuesday Blitz June 13 Early 2023"]
[White "Skvortsov, Andrei"]
[Black "Chernomordik, Pavel"]
[WhiteFideId "24108600"]
[BlackFideId "2804530"]
[WhiteElo "2259"]
[BlackElo "2193"]
[Result "1/2-1/2"]
[Round "9"]
[TimeControl "180+2"]
[Date "2023.06.13"]
[WhiteClock "0:00:27"]
[BlackClock "0:00:12"]
[Board "65"]

1. g3 g6 2. e4 Bg7 3. d4 d6 4. Bg2 Nf6 5. Ne2 O-O 6. O-O Nbd7 7. h3 c5 8. c3 Rb8 9. a4 b6 10. f4 Bb7 11. e5 Bxg2 12. Kxg2 Ne4 13. Nd2 Nxd2 14. Bxd2 Qc8 15. Be3 Qb7+ 16. Kf2 cxd4 17. cxd4 Rbc8 18. Nc3 a6 19. Qf3 Qb8 20. Rfc1 b5 21. axb5 axb5 22. Nd5 Rfe8 23. Rxc8 Qxc8 24. Rc1 Qb8 25. Ra1 Nb6 26. Nxb6 Qxb6 27. Ra8 Kf8 28. Rxe8+ Kxe8 29. Qa8+ Qd8 30. Qb7 Qd7 31. Qb8+ Qd8 32. Qxb5+ Kf8 33. exd6 Qxd6 34. b3 Bxd4 35. Qc4 Bxe3+ 36. Kxe3 Qb6+ 37. Kd3 Qg1 38. Qc8+ Kg7 39. Qc3+ f6 40. Kc4 Qf1+ 41. Kc5 Qxh3 42. Kb6 h5 43. Qe1 h4 44. Qxe7+ Kg8 45. Qd8+ Kg7 46. Qc7+ Kg8 47. Qc4+ Kg7 48. gxh4 Qxh4 49. Ka7 Qf2+ 50. Kb8 g5 51. fxg5 fxg5 52. b4 Qf4+ 1/2-1/2


[Site "https://www.chess.com"]

[Event "Titled Tuesday Blitz June 13 Early 2023"]
[White "Fus, Jakub"]
[Black "Kubicka, Anna"]
[WhiteFideId "1193023"]
[BlackFideId "1152254"]
[WhiteElo "2335"]
[BlackElo "2144"]
[Result "1/2-1/2"]
[Round "9"]
[TimeControl "180+2"]
[Date "2023.06.13"]
[WhiteClock "0:00:12"]
[BlackClock "0:00:03"]
[Board "66"]

1. Nf3 g6 2. g3 Bg7 3. Bg2 e5 4. d3 d5 5. O-O Nc6 6. e4 Nge7 7. Nc3 d4 8. Ne2 O-O 9. c3 h6 10. cxd4 Nxd4 11. Nfxd4 exd4 12. f4 Be6 13. Bd2 Qd7 14. Kh1 Bg4 15. Qe1 c5 16. Ng1 Rac8 17. h3 Be6 18. g4 f5 19. gxf5 gxf5 20. e5 Bd5 21. Nf3 Ng6 22. Qg3 Qe6 23. Rg1 Kf7 24. Kh2 Rg8 25. Nxd4 cxd4 26. Bxd5 Qxd5 27. Qxg6+ Ke7 28. Qxf5 Rc2 29. Rad1 a5 30. Rg2 Ke8 31. Rdg1 b6 32. Qh5+ Qf7 33. Qd1 Rxb2 34. Kh1 Rxa2 35. f5 Qxf5 36. Qb3 Qxh3+ 37. Rh2 Qf3+ 38. Rhg2 Qh3+ 39. Rh2 Qf3+ 40. Rhg2 Qh3+ 1/2-1/2


[Site "https://www.chess.com"]

[Event "Titled Tuesday Blitz June 13 Early 2023"]
[White "Souleidis, Georgios"]
[Black "kuanysh1981"]
[WhiteFideId "4206827"]
[WhiteElo "2401"]
[BlackElo "2511"]
[Result "0-1"]
[Round "9"]
[TimeControl "180+2"]
[Date "2023.06.13"]
[WhiteClock "0:00:04"]
[BlackClock "0:00:39"]
[Board "67"]

1. e4 c5 2. Be2 Nc6 3. d3 Nf6 4. f4 e6 5. Nf3 d5 6. e5 Nd7 7. O-O Be7 8. c4 d4 9. Nbd2 f5 10. exf6 Nxf6 11. Ng5 O-O 12. Nde4 Nxe4 13. Nxe4 e5 14. Bg4 exf4 15. Bxf4 Qb6 16. b3 Nb4 17. Bxc8 Raxc8 18. Qe2 Qg6 19. Bd2 Nc6 20. a3 h6 21. Rab1 Rxf1+ 22. Rxf1 Rf8 23. Rxf8+ Bxf8 24. g3 Qf5 25. Kg2 Ne5 26. Bf4 Ng6 27. Bd2 Ne5 28. b4 cxb4 29. axb4 a6 30. c5 Nc6 31. Qd1 Qd5 32. Qf3 Qa2 33. Qf2 Qb2 34. Be1 Qb3 35. Qd2 Ne5 36. Nf2 Qd5+ 37. Ne4 Nc4 38. Qe2 Ne3+ 39. Kg1 Qf5 40. Bf2 Nd5 41. Bxd4 Nxb4 42. Bb2 Bxc5+ 43. Nxc5 Qxc5+ 44. Kg2 Qd5+ 45. Kf2 Nxd3+ 46. Kf1 Qh1# 0-1


[Site "https://www.chess.com"]

[Event "Titled Tuesday Blitz June 13 Early 2023"]
[White "Arabidze, Meri"]
[Black "whiteglovethief"]
[WhiteFideId "13604040"]
[WhiteElo "2405"]
[BlackElo "2509"]
[Result "1-0"]
[Round "9"]
[TimeControl "180+2"]
[Date "2023.06.13"]
[WhiteClock "0:00:33"]
[BlackClock "0:00:04"]
[Board "68"]

1. d4 Nf6 2. c4 g6 3. Nf3 Bg7 4. g3 O-O 5. Bg2 d6 6. O-O Nbd7 7. Nc3 e5 8. e4 c6 9. h3 Qc7 10. Be3 Re8 11. Qc2 a5 12. Rad1 exd4 13. Bxd4 Nc5 14. Rfe1 Ne6 15. Be3 Bd7 16. b3 Rad8 17. Na4 c5 18. Nc3 Bc6 19. Bc1 a4 20. Nd5 Qb8 21. Bb2 Bxd5 22. exd5 Nc7 23. bxa4 Qa7 24. Bc3 Qa6 25. Bf1 Nd7 26. Bxg7 Kxg7 27. Qc3+ Kg8 28. a5 Ra8 29. Rxe8+ Nxe8 30. Rb1 Qxa5 31. Qxa5 Rxa5 32. Rxb7 Nef6 33. Rb2 Ne4 34. Bd3 Nc3 35. Rb7 Nf6 36. Ng5 Rxa2 37. Rxf7 h6 38. Rxf6 hxg5 39. Rxg6+ Kf7 40. Rxd6 Rd2 41. Bg6+ Kg7 42. Bf5 Nd1 43. Rg6+ Kf7 44. Rxg5 Kf6 45. h4 Nxf2 46. d6 Nd1 47. d7 Ne3 48. Rg8 Ke7 49. Re8+ 1-0


[Site "https://www.chess.com"]

[Event "Titled Tuesday Blitz June 13 Early 2023"]
[White "Fiorito, Joaquin"]
[Black "gueraumasague"]
[WhiteFideId "180173"]
[WhiteElo "2199"]
[BlackElo "2503"]
[Result "1-0"]
[Round "9"]
[TimeControl "180+2"]
[Date "2023.06.13"]
[WhiteClock "0:00:10"]
[BlackClock "0:00:00"]
[Board "69"]

1. d4 g6 2. e4 Bg7 3. Nc3 c6 4. f4 d5 5. e5 h5 6. Nf3 Bg4 7. Be3 Nh6 8. Be2 e6 9. O-O Nd7 10. h3 Bxf3 11. Bxf3 Nf5 12. Bf2 h4 13. Ne2 Bf8 14. c3 Be7 15. b4 a5 16. a3 Nb6 17. Qd3 Nc4 18. a4 Kf8 19. Rfb1 Kg7 20. b5 cxb5 21. Rxb5 Qd7 22. Be1 Rac8 23. Kh1 Rc7 24. Nc1 Rhc8 25. Be2 Bd8 26. Qb1 Be7 27. Bxc4 dxc4 28. Qe4 Ra8 29. Rab1 Ra7 30. Bf2 Bd8 31. Ne2 Qc6 32. d5 exd5 33. Qxd5 Qxd5 34. Rxd5 Ra8 35. Rbb5 Re7 36. Bc5 Re6 37. Nd4 Ng3+ 38. Kg1 Re8 39. Rxb7 Rc8 40. e6 Kh6 41. e7 1-0


[Site "https://www.chess.com"]

[Event "Titled Tuesday Blitz June 13 Early 2023"]
[White "Ovetchkin, Roman"]
[Black "Petukhov, Dmitry"]
[WhiteFideId "4119991"]
[BlackFideId "4142748"]
[WhiteElo "2398"]
[BlackElo "2311"]
[Result "0-1"]
[Round "9"]
[TimeControl "180+2"]
[Date "2023.06.13"]
[WhiteClock "0:00:05"]
[BlackClock "0:00:12"]
[Board "70"]

1. d4 Nf6 2. c4 g6 3. Nc3 d5 4. cxd5 Nxd5 5. e4 Nxc3 6. bxc3 Bg7 7. Be3 O-O 8. Qd2 c5 9. d5 e6 10. Bxc5 Qc7 11. Bd4 Bxd4 12. Qxd4 exd5 13. exd5 Re8+ 14. Be2 Nd7 15. Rd1 Nc5 16. d6 Qc6 17. Nf3 Bf5 18. Rd2 Ne4 19. Rd3 Nc5 20. Re3 Rxe3 21. fxe3 Rd8 22. Bc4 Be6 23. Bxe6 Nxe6 24. Qf6 Qxd6 25. O-O Nc5 26. Qh4 Rd7 27. Ng5 h5 28. Qf2 Qe7 29. Qf4 Nd3 30. Qg3 h4 31. Qxh4 Qxe3+ 32. Kh1 Nf2+ 33. Kg1 Nh3+ 34. Kh1 Nxg5 0-1


[Site "https://www.chess.com"]